 Dungeon Crawl Stone Soup version 0.24-a0-139-geb6712d (webtiles) character file.

Game seed: 0

531976 Gergoth the Sorcerer (level 24, -4/191 HPs)
             Began as a Mummy Wizard on Feb 27, 2019.
             Was the Champion of Sif Muna.
             Killed from afar by a fire giant (18 damage)
             ... with a bolt of fire
             ... on level 4 of the Vaults on Mar 2, 2019.
             The game lasted 06:33:07 (104511 turns).

Gergoth the Sorcerer (Mummy Wizard)               Turns: 104511, Time: 06:33:07

Health: -4/191     AC: 26    Str: 14    XL:     24   Next: 45%
Magic:  10/58      EV: 17    Int: 27    God:    Sif Muna [******]
Gold:   3482       SH:  7    Dex: 15    Spells: 10/67 levels left

rFire    . . .     SeeInvis .   t - +7 sceptre of Torment {pain, torment}
rCold    + + .     Gourm    .   j - +2 buckler
rNeg     + + +     Faith    .   D - +5 robe of Amelioration {rF+ rCorr}
rPois    ∞         Spirit   .   K - +2 helmet
rElec    .         Reflect  .   S - +2 cloak {MR+}
rCorr    +         Harm     .   c - +2 pair of gloves {Dex+3}
MR       ++++.                  z - +3 pair of boots of Plasticity {+Blink Int+4}
Stlth    ++........             q - amulet of magic regeneration
HPRegen  0.41/turn              s - ring "Pess" {rC+ AC+3}
MPRegen  0.61/turn              i - ring of magical power

@: divine energy
A: no food or potions, fire vulnerability, cold resistance 1, negative energy
resistance 3, torment resistance, unbreathing, in touch with death 1
}: 3/15 runes: decaying, slimy, abyssal
a: Stop Divine Energy, Channel Magic, Forget Spell, Renounce Religion, Evoke
Blink


You were on level 4 of the Vaults.
You worshipped Sif Muna.
Sif Muna was exalted by your worship.
You were not hungry.

You visited 10 branches of the dungeon, and saw 49 of its levels.
You visited the Abyss 3 times.
You visited 1 bazaar.
You also visited: Sewer, Ossuary and Ice Cave.

You collected 5008 gold pieces.
You spent 1526 gold pieces at shops.

Inventory:

Hand Weapons
 b - a +5 vampiric lajatang
 t - the +7 sceptre of Torment (weapon) {pain, torment}
   (You found it on level 5 of the Pits of Slime)

   In the hands of one skilled in necromantic magic, it inflicts extra damage on
   living creatures.
 u - the +7 war axe "Duimeu" {chop, *Slow +Rage rF++ Int+3}
   (You found it on level 3 of the Lair of Beasts)

   It inflicts extra damage upon your enemies.
   It affects your intelligence (+3).
   It greatly protects you from fire.
   It lets you go berserk.
   It may slow you when you take damage.
 N - a +1 demon whip of electrocution
Missiles
 G - 3 throwing nets (quivered)
Armour
 c - a +2 pair of gloves of dexterity (worn)
 j - a +2 buckler (worn)
 m - a +0 shield of reflection
 z - the +3 pair of boots of Plasticity (worn) {+Blink Int+4}
   (You bought it in a shop on level 7 of the Dungeon)

   It affects your intelligence (+4).
   It lets you blink.
 D - the +5 robe of Amelioration (worn) {rF+ rCorr}
   (You found it on level 14 of the Dungeon)

   It protects you from fire.
   It provides partial protection from all sources of acid and corrosion.
 K - a +2 helmet (worn)
 S - a +2 cloak of magic resistance (worn)
Magical Staves
 h - an uncursed staff of conjuration {unknown}
 X - a cursed staff of fire {unknown}
Jewellery
 i - a ring of magical power (right hand)
 l - an uncursed ring of resist corrosion
 p - a +1 ring of evasion
 q - an amulet of magic regeneration (around neck)
 s - the ring "Pess" (left hand) {rC+ AC+3}
   (You took it off a deep elf death mage on level 3 of the Elven Halls)

   [ring of protection]

   It affects your AC (+3).
   It protects you from cold.
 E - the ring of Fumuab {+Fly Int+5}
   (You took it off a deep elf sorcerer on level 3 of the Elven Halls)

   [ring of flight]

   It affects your intelligence (+5).
   It lets you fly.
 F - a +3 ring of intelligence
 I - an uncursed ring of protection from magic
 L - a +2 ring of intelligence
 T - an uncursed ring of fire
 Y - a cursed amulet of inaccuracy {unknown}
 Z - an uncursed ring of magical power
Wands
 d - a wand of flame (31)
 n - a wand of paralysis (38)
 v - a wand of digging (12)
 M - a wand of scattershot (7)
 O - a wand of acid (57)
 U - a wand of clouds (10)
Scrolls
 a - 3 scrolls of identify
 e - 9 scrolls of amnesia
 f - 14 scrolls of enchant weapon
 g - 30 scrolls of remove curse
 k - 9 scrolls of teleportation
 o - 2 scrolls of enchant armour
 r - 13 scrolls of magic mapping
 x - 9 scrolls of fog
 y - 8 scrolls of fear
 A - 6 scrolls of blinking
 B - a scroll of torment
 C - a scroll of immolation
 H - a scroll of silence
 Q - 5 scrolls of summoning
 W - a scroll of brand weapon
Miscellaneous
 V - 7 phantom mirrors


   Skills:
 + Level 16.1 Fighting
 - Level 13.6 Armour
 + Level 8.1 Dodging
 - Level 1.5 Stealth
 + Level 4.6 Shields
 - Level 22.0 Spellcasting
 - Level 12.0 Conjurations
 - Level 12.0 Summonings
 - Level 14.0 Necromancy
 - Level 0.7 Translocations
 - Level 16.0 Fire Magic
 - Level 4.0 Air Magic
 - Level 8.0 Earth Magic
 - Level 10.0 Invocations


You had 10 spell levels left.
You knew the following spells:

 Your Spells              Type           Power        Failure   Level  Hunger
a - Iron Shot             Conj/Erth      ######....   3%          6    N/A
b - Blink                 Tloc           N/A          1%          2    N/A
c - Swiftness             Chrm/Air       #####...     1%          2    N/A
d - Bolt of Draining      Conj/Necr      #######...   1%          5    N/A
e - Spellforged Servitor  Conj/Summ      #######...   8%          7    N/A
f - Dispel Undead         Necr           ########     1%          5    N/A
g - Fireball              Conj/Fire      #######...   1%          5    N/A
h - Summon Lightning Spi  Summ/Air       ######..     1%          4    N/A
i - Summon Mana Viper     Hex/Summ       ######..     3%          5    N/A
j - Borgnjor's Vile Clut  Necr/Erth      #######...   1%          5    N/A
k - Passwall              Tmut/Erth      ######..     1%          2    N/A
l - Apportation           Tloc           ####..       1%          1    N/A
m - Ignition              Fire           #######...   12%         8    N/A

Your spell library contained the following spells:

 Spells                   Type           Power        Failure   Level  Hunger
 Animate Skeleton         Necr           N/A          0%          1    N/A
 Flame Tongue             Conj/Fire      #####        0%          1    N/A
 Magic Dart               Conj           ####         0%          1    N/A
 Pain                     Necr           ####         0%          1    N/A
 Summon Butterflies       Summ           #######.     0%          1    N/A
 Summon Small Mammal      Summ           ####         0%          1    N/A
 Call Imp                 Summ           #######.     0%          2    N/A
 Corpse Rot               Necr           N/A          0%          2    N/A
 Searing Ray              Conj           ######       0%          2    N/A
 Throw Flame              Conj/Fire      ######       0%          2    N/A
 Conjure Flame            Conj/Fire      #######.     0%          3    N/A
 Vampiric Draining        Necr           ########..   0%          3    N/A
 Confusing Touch          Hex            ####..       1%          1    N/A
 Corona                   Hex            ####...      1%          1    N/A
 Freeze                   Ice            ####         1%          1    N/A
 Infusion                 Chrm           ####         1%          1    N/A
 Sandblast                Erth           ######       1%          1    N/A
 Shock                    Conj/Air       ####         1%          1    N/A
 Sting                    Conj/Pois      ####         1%          1    N/A
 Ensorcelled Hibernation  Hex/Ice        ####..       1%          2    N/A
 Poisonous Vapours        Pois/Air       #####.       1%          2    N/A
 Shroud of Golubria       Chrm/Tloc      ####......   1%          2    N/A
 Slow                     Hex            ####....     1%          2    N/A
 Song of Slaying          Chrm           ####....     1%          2    N/A
 Throw Frost              Conj/Ice       ######       1%          2    N/A
 Call Canine Familiar     Summ           #######.     1%          3    N/A
 Dazzling Spray           Conj/Hex       ######       1%          3    N/A
 Ignite Poison            Fire/Tmut/Pois ######..     1%          3    N/A
 Inner Flame              Hex/Fire       ######..     1%          3    N/A
 Mephitic Cloud           Conj/Pois/Air  ######..     1%          3    N/A
 Recall                   Summ/Tloc      N/A          1%          3    N/A
 Static Discharge         Conj/Air       ######..     1%          3    N/A
 Stone Arrow              Conj/Erth      ######       1%          3    N/A
 Summon Guardian Golem    Hex/Summ       ######..     1%          3    N/A
 Animate Dead             Necr           N/A          1%          4    N/A
 Force Lance              Conj/Tloc      ######..     1%          4    N/A
 Fulminant Prism          Conj/Hex       ######....   1%          4    N/A
 Iskenderun's Mystic Bla  Conj           #######.     1%          4    N/A
 Sticky Flame             Conj/Fire      #######.     1%          4    N/A
 Summon Ice Beast         Ice/Summ       ######..     1%          4    N/A
 Throw Icicle             Conj/Ice       ######..     1%          4    N/A
 Agony                    Necr           ########     1%          5    N/A
 Aura of Abjuration       Summ           #######...   1%          5    N/A
 Bolt of Magma            Conj/Fire/Erth #######...   1%          5    N/A
 Excruciating Wounds      Chrm/Necr      #######...   1%          5    N/A
 Lee's Rapid Deconstruct  Erth           ######....   1%          5    N/A
 Lightning Bolt           Conj/Air       ######....   1%          5    N/A
 Summon Demon             Summ           #######...   1%          5    N/A
 Bolt of Fire             Conj/Fire      #######...   1%          6    N/A
 Death Channel            Necr           ########..   1%          6    N/A
 Shadow Creatures         Summ           N/A          1%          6    N/A
 Gell's Gravitas          Tloc           ####......   2%          3    N/A
 Lesser Beckoning         Tloc           ####......   2%          3    N/A
 Teleport Other           Tloc           ####....     2%          3    N/A
 Airstrike                Air            ######....   2%          4    N/A
 Leda's Liquefaction      Hex/Erth       ######....   2%          4    N/A
 Petrify                  Tmut/Erth      ######..     2%          4    N/A
 Summon Forest            Summ/Tloc      ######....   2%          5    N/A
 Confuse                  Hex            ####....     3%          3    N/A
 Ozocubu's Armour         Chrm/Ice       ####....     3%          3    N/A
 Portal Projectile        Hex/Tloc       ####..       3%          3    N/A
 Spectral Weapon          Hex/Chrm       ####....     3%          3    N/A
 Tukima's Dance           Hex            ####....     3%          3    N/A
 Irradiate                Conj/Tmut      ######....   3%          5    N/A
 Iskenderun's Battlesphe  Conj/Chrm      ######..     3%          5    N/A
 Venom Bolt               Conj/Pois      ######....   3%          5    N/A
 Conjure Ball Lightning   Conj/Air       ######....   7%          6    N/A
 Monstrous Menagerie      Summ           #######...   8%          7    N/A
 Orb of Destruction       Conj           #######...   8%          7    N/A
 Summon Greater Demon     Summ           #######...   8%          7    N/A
 Summon Hydra             Summ           #######...   8%          7    N/A
 Passage of Golubria      Tloc           N/A          10%         4    N/A
 Simulacrum               Ice/Necr       #######...   11%         6    N/A
 Cause Fear               Hex            ####......   12%         4    N/A
 Olgreb's Toxic Radiance  Pois           ####....     12%         4    N/A
 Silence                  Hex/Air        #####.....   16%         5    N/A
 Bolt of Cold             Conj/Ice       ######....   16%         6    N/A
 Poison Arrow             Conj/Pois      ######....   16%         6    N/A
 Freezing Cloud           Conj/Ice/Air   ######....   22%         6    N/A
 Alistair's Intoxication  Tmut/Pois      ####....     34%         5    N/A
 Metabolic Englaciation   Hex/Ice        ####......   34%         5    N/A
 Yara's Violent Unravell  Hex/Tmut       ####......   34%         5    N/A
 Ring of Flames           Chrm/Fire      ######....   36%         7    N/A
 Summon Horrible Things   Summ           #######...   52%         8    N/A
 Malign Gateway           Summ/Tloc      ######....   61%         7    N/A
 Deflect Missiles         Chrm/Air       #####.....   63%         6    N/A
 Lehudib's Crystal Spear  Conj/Erth      ######....   80%         8    N/A
 Dispersal                Tloc           ####......   82%         6    N/A
 Darkness                 Hex            ####......   88%         6    N/A
 Invisibility             Hex            ####....     88%         6    N/A
 Ozocubu's Refrigeration  Ice            ####......   88%         6    N/A
 Chain Lightning          Conj/Air       ######....   97%         8    N/A
 Fire Storm               Conj/Fire      #######...   99%         9    N/A
 Dragon's Call            Summ           #######...   100%        9    N/A
 Glaciate                 Conj/Ice       ######....   100%        9    N/A
 Shatter                  Erth           ######....   100%        9    N/A
 Tornado                  Air            ######....   100%        9    N/A
 Sublimation of Blood     Necr           Unusable     N/A         2    N/A
 Beastly Appendage        Tmut           Unusable     N/A         1    N/A
 Regeneration             Chrm/Necr      Unusable     N/A         3    N/A
 Spider Form              Tmut/Pois      Unusable     N/A         3    N/A
 Ice Form                 Ice/Tmut       Unusable     N/A         4    N/A
 Statue Form              Tmut/Erth      Unusable     N/A         6    N/A
 Hydra Form               Tmut           Unusable     N/A         6    N/A
 Dragon Form              Tmut           Unusable     N/A         7    N/A

Dungeon Overview and Level Annotations

Branches:
Dungeon (15/15)            Temple (1/1) D:6            Lair (6/6) D:10
  Swamp (4/4) Lair:4        Snake (3/4) Lair:4        Slime (5/5) Lair:6
    Orc (2/2) D:9             Elf (3/3) Orc:2        Vaults (5/5) D:13
  Crypt (0/3) Vaults:3     Depths (5/5) D:15            Zot (0/5) Depths:5

Altars:
Ashenzari
Cheibriados
Dithmenos
Elyvilon
Fedhas
Gozag
Hepliaklqana
Kikubaaqudgha
Makhleb
Nemelex Xobeh
Okawaru
Qazlal
Ru
Sif Muna
Trog
Uskayaw
Vehumet
Wu Jian
Xom
Yredelemnul
Zin
The Shining One
Beogh
Jiyva

Shops:
D:7 [=[*[   D:8 ?   D:11 ?%=   Orc:2 **!?   Elf:1 }   Snake:1 [:*   Depths:4 *
Depths:5 ?

Portals:
Hell: Depths:1 Depths:2 Depths:3 Depths:4 Depths:5
Abyss: Depths:1 Depths:2 Depths:4
Pandemonium: Depths:3 Depths:4 Depths:5
Ziggurat: Depths:1

Annotations:
D:14 exclusion: Roxanne, Roxanne
D:15 3 runed translucent doors
Lair:1 1 runed translucent door, arkorax's ghost, journeyman MiBe
Snake:3 Nikola
Elf:2 3 runed translucent doors
Vaults:2 Eneuly's ghost, legendary MfIE
Vaults:3 Sojobo
Depths:4 2 runed translucent doors


Innate Abilities, Weirdness & Mutations

You do not eat or drink.
Your flesh is vulnerable to fire.
You are immune to poison.
Your flesh is cold resistant. (rC+)
You are immune to negative energy. (rN+++)
You are immune to unholy pain and torment.
You can survive without breathing.
You are in touch with the powers of death.


Message History

Confirm with . or Enter, or press ? or * to list all spells.
Aiming: Borgnjor's Vile Clutch (safe; 1% risk of failure)
Press: ? - help, Dir - move target cursor, f - fire giant
Aim: a fire giant, wielding a +2 great sword of flaming (severely wounded)
You feel a surge of power!
Decaying hands burst forth from the earth!
Zombie hands grab the fire giant.
Zombie hands grab the sphinx.
The zombie hands constrict the fire giant.
The zombie hands constrict the sphinx!
The fire giant casts a spell at you. The bolt of fire hits you!!!
* * * LOW HITPOINT WARNING * * *
The sphinx struggles to escape constriction.
The iron dragon breathes metal splinters at you.
The spray of metal splinters hits you but does no damage.
The zombie hands constrict the fire giant!
The zombie hands constrict the sphinx!
The fire giant gestures at you while chanting.
The bolt of fire hits you!!
You die...

...#######'#####.....^...........
...# ##...## #########.........
...# ##.....## #.......#.........
...###.......###......(#.........
...##....#....##[).....#.........
...#....###...)')).....#.........
...#...## ##..)#..))D..#.........
...#....###....#....>..#.........
...##....#....##@...C..#.........
...###.......###....H..#.........
...# ##.....## ######'##....#####
...# ##...## #............#####
.#######'#######.......).)..##(.[
.##.......#.......########..##.=.
.##.....#.#########......#..###.#
.##....#..#.......'....[)#).#....
.##...#...###...###.....)').#....


You could see an iron dragon, a fire giant and a sphinx.

Vanquished Creatures
  the Royal Jelly (Slime:5)
  Mara (Depths:1)
  The ghost of Gorice the Impregnable, a veteran HOWn of the Shining One (Depths:4)
  Frederick (Vaults:3)
  Jory (Depths:3)
  2 golden dragons (Depths:5)
  2 bone dragons
  Rupert (D:13)
  Jorgrun (Snake:1)
  2 tentacled monstrosities
  A deep elf master archer (Elf:3)
  3 titans
  An Executioner (Abyss:1)
  2 deep elf blademasters (Elf:3)
  12 acid blobs
  5 sphinxes
  8 tentacled starspawn
  A thorn hunter (Swamp:4)
  Frances (D:13)
  Kirke (Lair:4)
  Gastronok (Lair:1)
  A shadow dragon (Depths:5)
  4 tengu reavers
  Donald (Snake:1)
  Agnes (Snake:2)
  2 storm dragons (Vaults:4)
  14 azure jellies
  4 fire giants
  A frost giant (Depths:5)
  3 iron dragons
  10 deep elf sorcerers
  Aizul (Snake:2)
  7 vault wardens
  4 draconian stormcallers (Depths:5)
  The ghost of Qenoimudgh the Unseen, an adept FeMo of Yredelemnul (Vaults:2)
  8 deep elf elementalists
  A spriggan defender (Depths:2)
  Louise (Swamp:3)
  A draconian shifter (Depths:5)
  A reaper (Depths:5)
  22 stone giants
  8 ironheart preservers
  2 entropy weavers
  A war gargoyle (Vaults:4)
  14 very ugly things
  4 deep elf demonologists
  6 vampire knights
  8 large abominations
  2 deep elf annihilators (Elf:3)
  2 spark wasps (Depths:4)
  2 white draconians (Depths:5)
  2 purple draconians (Depths:5)
  An eidolon (Depths:1)
  6 death oozes (Slime:5)
  13 ettins
  6 deep elf death magi
  A crystal guardian (Abyss:3)
  10 fire dragons
  10 great orbs of eyes
  A merfolk impaler (Depths:1)
  7 deep elf high priests (Elf:3)
  24 vault guards
  10 yaktaur captains
  4 rakshasas
  2 great orbs of eyes (shapeshifter) (Abyss:3)
  3 naga warriors (Snake:1)
  8 ice dragons
  A hell beast (Depths:3)
  5 anacondas
  3 death knights
  3 spriggan air magi
  22 hydras
  A catoblepas (Depths:1)
  3 shambling mangroves
  57 two-headed ogres
  15 centaur warriors
  18 ogre magi
  12 dancing weapons
  8 alligators
  2 death yaks (Lair:5)
  5 tengu warriors
  10 deep troll shamans
  9 deep troll earth magi
  13 spriggan berserkers
  2 vampire magi
  6 naga sharpshooters
  Nergalle (D:9)
  3 shock serpents
  2 thrashing horrors
  4 hell knights
  14 deep elf knights
  25 spriggans
  6 orc high priests
  A storm dragon zombie (Depths:2)
  A sun demon (Depths:3)
  A wretched star (Abyss:2)
  3 skeletal warriors
  3 soul eaters
  2 iron trolls (D:15)
  2 fire crabs
  A death drake (shapeshifter) (D:14)
  A death drake (Depths:1)
  3 naga ritualists
  7 sea snakes
  3 sixfirhies
  A glowing orange brain (shapeshifter) (Vaults:5)
  2 shadow demons (Abyss:2)
  32 deep trolls
  5 flayed ghosts
  2 glowing orange brains
  4 swamp dragons
  3 spriggan druids
  A spatial maelstrom (Abyss:1)
  3 unseen horrors
  4 wizards
  7 ironbrand convokers
  A golden dragon skeleton (Depths:3)
  7 necromancers
  2 orange crystal statues
  5 phantasmal warriors
  2 lindwurms (Depths:1)
  An infernal demonspawn (Depths:5)
  8 deep elf archers
  11 orc knights
  6 harpies
  5 orc sorcerers
  67 ugly things
  64 deep elf magi
  2 oklob plants (Lair:3)
  A frost giant skeleton (D:15)
  6 salamanders
  4 wolf spiders
  6 mana vipers
  6 shining eyes
  4 cyclopes
  5 manticores
  A frost giant zombie (Depths:2)
  Maurice (D:13)
  A cyclops (shapeshifter) (Depths:3)
  A rust devil (Depths:3)
  3 ice statues
  3 smoke demons
  21 black mambas
  2 molten gargoyles (Depths:1)
  A stone giant skeleton (Vaults:1)
  4 gargoyles
  A water nymph (shapeshifter) (Vaults:4)
  2 eyes of devastation
  10 vault sentinels
  2 guardian serpents (shapeshifter) (Abyss:3)
  20 spiny frogs
  7 naga magi
  3 hellions
  4 spectral swamp worms (Depths:1)
  5 centaur skeletons
  An orange demon (Depths:4)
  A rime drake (shapeshifter) (D:13)
  5 komodo dragons
  2 spriggan zombies
  3 hellwings
  A rime drake (Lair:3)
  6 freezing wraiths
  48 yaktaurs
  A human skeleton (Vaults:1)
  2 kobold demonologists
  A komodo dragon (shapeshifter) (D:15)
  2 tengu conjurers
  2 yaktaur skeletons
  2 ancient zymes (Abyss:2)
  A jumping spider (shapeshifter) (Depths:3)
  3 red devils (Depths:4)
  6 trolls
  A golden dragon simulacrum (Abyss:2)
  10 ice devils
  A meliai (shapeshifter) (D:15)
  A harpy zombie (D:15)
  3 polar bears (Lair:3)
  A troll (shapeshifter) (Vaults:2)
  A polar bear (shapeshifter) (Vaults:1)
  21 hornets
  A blink frog (shapeshifter) (Vaults:4)
  9 tyrant leeches
  A shadow dragon simulacrum (Depths:3)
  3 hornets (shapeshifter)
  10 bog bodies
  2 raiju (Depths:1)
  A raiju (shapeshifter) (Vaults:1)
  78 slime creatures
  4 hippogriffs
  25 blink frogs
  A wind drake (shapeshifter) (Vaults:1)
  A dream sheep (shapeshifter) (Vaults:4)
  4 air elementals
  An elf zombie (D:15)
  2 redbacks (Depths:1)
  7 wraiths
  3 flying skulls (Abyss:1)
  12 shadows
  5 starcursed masses (Abyss:1)
  An elf skeleton (Depths:3)
  A tarantella (shapeshifter) (D:14)
  A tarantella (Depths:1)
  12 water elementals
  3 wyverns
  5 basilisks
  2 fire bats (Abyss:2)
  2 hogs (shapeshifter)
  6 chaos spawn
  3 hogs
  2 hungry ghosts
  7 golden eyes
  23 yaks
  3 fire elementals
  15 vampire mosquitoes
  2 neqoxecs (Abyss:3)
  A steam dragon (Swamp:4)
  2 spriggan simulacra
  5 insubstantial wisps
  18 swamp worms
  A two-headed ogre zombie (D:9)
  3 acid dragons
  7 wargs
  22 nagas
  9 water moccasins
  2 hell hounds
  4 porcupines
  8 ice beasts
  4 swamp drakes
  2 sky beasts
  A black bear (D:11)
  35 orc warriors
  3 phantoms
  7 eyes of draining
  28 ogres
  10 boggarts
  9 wolves
  A boggart (shapeshifter) (Vaults:3)
  8 crocodiles
  20 centaurs
  22 bullfrogs
  5 earth elementals
  A water moccasin zombie (D:3)
  A water moccasin skeleton (D:7)
  8 scorpions
  3 troll zombies (D:9)
  17 killer bees
  9 small abominations
  16 wights
  3 electric eels (Snake:2)
  3 howler monkeys (D:4)
  A vampire bat (Depths:1)
  4 crimson imps
  2 bullfrog zombies
  3 human simulacra
  2 centaur zombies
  A lava snake (Depths:1)
  2 quasits
  4 jellies
  2 human zombies
  21 orc priests
  6 bullfrog skeletons
  9 hounds
  7 iguanas
  2 iron imps (Abyss:1)
  Jessica (D:3)
  19 orc wizards
  3 worker ants
  4 lightning spires (Depths:1)
  4 ogre zombies (D:9)
  2 big kobold zombies (Ossuary)
  2 hound zombies
  2 hound skeletons
  A mummy (Ossuary)
  7 gnolls (D:2)
  16 adders
  A scorpion zombie (Ossuary)
  3 shadow imps
  6 white imps
  3 ufetubi (IceCv)
  2 adder skeletons
  4 dart slugs
  5 worms
  2 leopard geckos
  87 orcs
  4 ball pythons
  5 giant cockroaches
  2 gnoll zombies (Ossuary)
  4 goblins
  10 hobgoblins
  22 jackals
  3 quokkas
  A ball python zombie (D:1)
  10 bats
  5 frilled lizards
  A goblin skeleton (D:9)
  3 goblin zombies (Ossuary)
  A hobgoblin skeleton (D:9)
  3 hobgoblin zombies (D:9)
  20 kobolds
  3 kobold zombies (Ossuary)
  A leopard gecko zombie (D:1)
  5 orc skeletons
  18 orc zombies
  A quokka skeleton (D:5)
  6 rats
  A crawling corpse (Elf:1)
  2 lurking horrors
  7 plants
  11 starspawn tentacles
  2 withered plants (D:15)
2014 creatures vanquished.

Vanquished Creatures (collateral kills)
  Saint Roka (Depths:2)
  A quicksilver dragon (Vaults:4)
  2 sphinxes (Elf:2)
  A daeva (Abyss:2)
  A vault warden (Vaults:2)
  2 ghost moths (Depths:3)
  An eidolon (Vaults:3)
  2 crystal guardians
  A death ooze (Slime:5)
  Josephine (Orc:1)
  A deep elf high priest (Elf:3)
  A fire dragon (Elf:2)
  A vault guard (Vaults:5)
  An anaconda (Snake:1)
  6 hydras
  An alligator (Swamp:3)
  A two-headed ogre (Vaults:1)
  An ogre mage (Depths:3)
  A tengu warrior (D:14)
  2 death yaks (Lair:5)
  3 thrashing horrors (Abyss:3)
  2 shock serpents (Snake:1)
  A wretched star (Abyss:1)
  8 shadow wraiths
  8 unseen horrors
  A flayed ghost (Vaults:1)
  2 swamp dragons
  2 phantasmal warriors
  A wizard (Depths:1)
  An ironbrand convoker (Vaults:2)
  A naga ritualist (Snake:1)
  2 orc knights
  A mana viper (Depths:1)
  2 oklob plants (Lair:3)
  2 manticores (Elf:2)
  3 ugly things
  A stone giant zombie (Vaults:3)
  2 human skeletons (Vaults:3)
  4 black mambas
  18 spiny frogs
  A guardian serpent (shapeshifter) (Abyss:3)
  A torpor snail (Lair:5)
  A spectral swamp worm (Depths:1)
  A rime drake (Lair:1)
  A yaktaur (Vaults:2)
  A freezing wraith (Lair:3)
  3 komodo dragons
  An ice devil (IceCv)
  A polar bear (Lair:3)
  A troll (D:12)
  Grinder (D:3)
  4 tyrant leeches
  9 blink frogs
  A hippogriff (D:12)
  3 bog bodies (Swamp:4)
  2 slime creatures
  A stone giant simulacrum (Vaults:2)
  An air elemental (Elf:1)
  A shadow (Depths:3)
  A spriggan (Swamp:3)
  6 wraiths
  2 fire elementals
  A basilisk (Lair:2)
  A hog (Lair:4)
  8 yaks
  A steam dragon (Swamp:4)
  5 vampire mosquitoes
  2 swamp worms (Swamp:2)
  A soldier ant (D:13)
  2 nagas (Snake:1)
  A water moccasin (Lair:2)
  A hell hound (Elf:2)
  A porcupine (Lair:2)
  3 orc warriors
  A sky beast (Depths:1)
  An ice beast (Lair:3)
  A swamp drake (Swamp:4)
  2 wolves (Lair:6)
  An ogre (D:5)
  4 centaurs
  2 crocodiles
  A big kobold (D:7)
  Blork the orc (D:5)
  5 bullfrogs
  A wyvern skeleton (D:9)
  2 scorpions (Ossuary)
  A killer bee (D:11)
  4 wights
  2 howler monkeys
  A bullfrog zombie (D:13)
  A quasit (Abyss:1)
  A human simulacrum (Vaults:3)
  3 centaur zombies
  2 orc priests
  3 hounds
  A jelly (D:6)
  8 orc wizards
  A human zombie (Ossuary)
  An iguana (D:7)
  3 worker ants
  A hound skeleton (D:8)
  2 mummies (Ossuary)
  An adder (D:5)
  A scorpion zombie (Ossuary)
  2 white imps (Lair:3)
  An ufetubus (Abyss:3)
  A worm (D:5)
  16 orcs
  2 kobold zombies (Ossuary)
  An orc zombie (Ossuary)
  3 fungi (Lair:6)
  A lurking horror (Abyss:3)
  A plant (Lair:3)
252 creatures vanquished.

Vanquished Creatures (others)
  A reaper (IceCv)
  2 hydras (Swamp:4)
  2 lindwurms (Swamp:4)
  A swamp dragon (Swamp:4)
  A spiny frog (Lair:4)
  A blink frog (Lair:6)
  2 humans (Lair:4)
  A fire elemental (Depths:1)
  3 steam dragons (Swamp:4)
  A swamp worm (Swamp:4)
  7 swamp drakes (Swamp:4)
  6 white imps (IceCv)
  4 ufetubi (IceCv)
  2 ball lightnings (Depths:1)
  An orc (Orc:1)
  A kobold zombie (Ossuary)
  35 bushes
  2 fungi (Lair:6)
  A lurking horror (Abyss:3)
  48 plants
  14 starspawn tentacles
136 creatures vanquished.

Grand Total: 2402 creatures vanquished

Notes
Turn   | Place    | Note
-------+----------+-------------------------------------------
     0 | D:1      | Gergoth the Mummy Wizard began the quest for the Orb.
     0 | D:1      | Reached XP level 1. HP: 13/13 MP: 5/5
   187 | D:1      | Reached skill level 1 in Conjurations
   288 | D:1      | Reached XP level 2. HP: 19/19 MP: 1/7
  1090 | D:1      | Reached XP level 3. HP: 23/24 MP: 0/9
  1606 | D:1      | Learned a level 2 spell: Blink
  1610 | D:1      | Learned a level 3 spell: Conjure Flame
  1656 | D:1      | Reached skill level 5 in Spellcasting
  1987 | D:2      | Reached XP level 4. HP: 24/31 MP: 6/11
  2161 | D:2      | Reached skill level 1 in Fighting
  2303 | D:2      | Reached skill level 1 in Fire Magic
  2628 | D:2      | Reached XP level 5. HP: 29/37 MP: 0/12
  3545 | D:3      | Noticed Jessica
  3560 | D:3      | Killed Jessica
  3636 | D:3      | Noticed Grinder
  3780 | D:3      | Reached skill level 6 in Spellcasting
  3780 | D:3      | Reached XP level 6. HP: 32/46 MP: 5/15
  3955 | D:3      | Found a glowing drain.
  3968 | Sewer    | Entered a sewer
  5185 | D:4      | Reached XP level 7. HP: 47/52 MP: 7/17
  5358 | D:4      | Found a stormy altar of Qazlal.
  5567 | D:4      | Reached skill level 7 in Spellcasting
  5792 | D:4      | Learned a level 2 spell: Call Imp
  5796 | D:4      | Learned a level 3 spell: Mephitic Cloud
  6220 | D:5      | Entered Level 5 of the Dungeon
  6220 | D:5      | Found a snail-covered altar of Cheibriados.
  6790 | D:5      | Found a sand-covered staircase.
  6795 | Ossuary  | Entered an ossuary
  6903 | Ossuary  | Reached skill level 1 in Air Magic
  7148 | Ossuary  | Reached XP level 8. HP: 25/60 MP: 2/19
  7365 | Ossuary  | Reached skill level 8 in Spellcasting
  8148 | D:5      | Noticed Blork the orc
  8160 | D:5      | Killed Blork the orc
  8491 | D:6      | Found an ancient bone altar of Kikubaaqudgha.
  8538 | D:5      | Reached skill level 1 in Armour
  8695 | D:6      | Found a staircase to the Ecumenical Temple.
  8712 | Temple   | Entered the Ecumenical Temple
  8719 | Temple   | Became a worshipper of Sif Muna the Loreminder
  9492 | D:3      | Paralysed by Grinder for 5 turns
  9511 | D:3      | Killed Grinder
  9934 | D:7      | Found Wumyez's General Store.
  9944 | D:7      | Bought a scroll of blinking for 112 gold pieces
  9982 | D:7      | Found Ricvarha's Jewellery Shoppe.
 10023 | D:7      | Reached XP level 9. HP: 38/65 MP: 6/21
 10238 | D:7      | Reached * piety under Sif Muna
 10435 | D:7      | Found Juddirche's Armour Shop.
 10816 | D:7      | Found Ykkirphya's Antique Armour Boutique.
 11112 | D:7      | Found Biar's Antique Armour Boutique.
 11116 | D:7      | Bought a cloak for 90 gold pieces
 11402 | D:7      | Learned a level 4 spell: Sticky Flame
 11567 | D:8      | Found Fuang's Magic Scroll Shoppe.
 12102 | D:8      | Reached skill level 5 in Fire Magic
 12242 | D:8      | Found a shadowy altar of Dithmenos.
 12556 | D:9      | Found a staircase to the Orcish Mines.
 12710 | D:9      | Reached ** piety under Sif Muna
 12778 | D:9      | Got a translucent hunting sling
 12859 | D:9      | Found a white marble altar of Elyvilon.
 13080 | D:9      | Identified the cursed +0 dagger of Severance {chaos, rElec
                  | rF++ Int+5} (You found it on level 9 of the Dungeon)
 13102 | D:9      | Found a white marble altar of Elyvilon.
 14077 | D:9      | Reached skill level 5 in Fighting
 14345 | D:9      | Reached XP level 10. HP: 76/76 MP: 8/22
 15218 | D:9      | Found a basalt altar of Yredelemnul.
 15477 | Orc:1    | Entered Level 1 of the Orcish Mines
 15477 | Orc:1    | Noticed an orc knight
 15477 | Orc:1    | Noticed a cyclops
 15511 | D:10     | Entered Level 10 of the Dungeon
 15788 | D:10     | Found a staircase to the Lair.
 15847 | D:10     | Noticed a two-headed ogre
 15887 | D:10     | Killed a two-headed ogre
 16074 | D:10     | Noticed an unseen horror
 16087 | D:10     | Killed an unseen horror
 16196 | D:10     | Learned a level 5 spell: Fireball
 16201 | D:10     | Learned a level 4 spell: Summon Lightning Spire
 16351 | D:10     | Reached skill level 1 in Summonings
 16753 | Lair:1   | Entered Level 1 of the Lair of Beasts
 16968 | Lair:1   | Found a runed translucent door.
 16969 | Lair:1   | Found a shimmering altar of Xom.
 16969 | Lair:1   | Noticed arkorax's ghost (journeyman MiBe)
 16969 | Lair:1   | Noticed a +2 flail of chaos
 17281 | Lair:1   | Noticed Gastronok
 17611 | Lair:1   | Noticed a spiny frog
 17624 | Lair:1   | Killed a spiny frog
 17624 | Lair:1   | Reached *** piety under Sif Muna
 17624 | Lair:1   | Reached skill level 1 in Shields
 17866 | Lair:1   | Noticed a black mamba
 17873 | Lair:1   | Killed a black mamba
 17873 | Lair:1   | Reached skill level 5 in Conjurations
 17873 | Lair:1   | Reached XP level 11. HP: 73/89 MP: 2/23
 18201 | Lair:1   | Killed Gastronok
 18965 | Lair:2   | Reached skill level 10 in Fighting
 19511 | Lair:2   | Upgraded the game from 0.24-a0-132-ge4b1dce to
                  | 0.24-a0-136-gad582e5
 19771 | Lair:3   | Found a frozen archway.
 19777 | IceCv    | Entered an ice cave
 20416 | IceCv    | Reached **** piety under Sif Muna
 20448 | IceCv    | Found the +0 pair of fencer's gloves {Riposte Dex+3}
 20457 | IceCv    | Reached skill level 9 in Spellcasting
 20783 | IceCv    | Reached skill level 5 in Summonings
 21200 | IceCv    | Noticed a reaper
 21423 | IceCv    | Killed a reaper
 22038 | Lair:3   | Noticed an oklob plant
 22117 | Lair:3   | Noticed a four-headed hydra
 22126 | Lair:3   | Killed a four-headed hydra
 22126 | Lair:3   | Reached skill level 10 in Spellcasting
 22461 | Lair:3   | Reached XP level 12. HP: 78/97 MP: 0/26
 23347 | Lair:3   | Got a faintly glowing plate armour
 23361 | Lair:3   | Identified the +1 plate armour "Ottipog" {*Slow Str+4 Dex+2
                  | Slay+2} (You found it on level 3 of the Lair of Beasts)
 23789 | Lair:4   | Reached skill level 11 in Spellcasting
 23827 | Lair:4   | Reached ***** piety under Sif Muna
 23869 | Lair:4   | Found a staircase to the Swamp.
 23886 | Lair:4   | Got an ancient morningstar
 23911 | Lair:4   | Identified the +4 morningstar of Gergoth's Peril {crush,
                  | +Inv rN+++ MP-9 Int-4} (You found it on level 4 of the Lair
                  | of Beasts)
 23980 | Lair:4   | Noticed Kirke
 23991 | Lair:4   | Killed Kirke
 23991 | Lair:4   | Received a gift from Sif Muna
 24439 | Lair:4   | Found the +8 whip "Snakebite" {curare, rPois}
 24837 | Lair:4   | Found a staircase to the Snake Pit.
 24880 | Lair:4   | Noticed a six-headed hydra
 24887 | Lair:4   | Killed a six-headed hydra
 24887 | Lair:4   | Reached skill level 12 in Spellcasting
 25552 | Lair:5   | Found a shimmering altar of Xom.
 25571 | Lair:5   | Noticed a death yak
 25573 | Lair:5   | Noticed a death yak
 25573 | Lair:5   | Noticed a death yak
 25581 | Lair:5   | Killed a death yak
 25583 | Lair:5   | Noticed a death yak
 25593 | Lair:5   | Killed a death yak
 25594 | Lair:5   | Killed a death yak
 25603 | Lair:5   | Killed a death yak
 26332 | Lair:6   | Entered Level 6 of the Lair of Beasts
 26332 | Lair:6   | Noticed a five-headed hydra
 26336 | Lair:6   | Killed a five-headed hydra
 26336 | Lair:6   | Identified Sif Muna's Compendium of the Evil Rocks (Sif
                  | Muna gifted it to you on level 6 of the Lair of Beasts)
 26336 | Lair:6   | Received a gift from Sif Muna
 26336 | Lair:6   | Gained mutation: You are in touch with the powers of death.
                  | [Mummy growth]
 26336 | Lair:6   | Reached XP level 13. HP: 103/103 MP: 9/29
 26945 | Lair:6   | Reached skill level 5 in Armour
 28668 | Lair:6   | Reached skill level 5 in Dodging
 29217 | Lair:6   | Got a twisted flail
 29315 | Lair:6   | Found a staircase to the Slime Pits.
 29426 | Lair:6   | Identified Sif Muna's Tome of Conjuration (Sif Muna gifted
                  | it to you on level 6 of the Lair of Beasts)
 29426 | Lair:6   | Received a gift from Sif Muna
 29835 | Lair:6   | Got an ebony dagger
 29888 | Lair:6   | Identified the +8 flail of Hosajeg {venom, +Inv rC+} (You
                  | found it on level 6 of the Lair of Beasts)
 30939 | D:11     | Found Goijaj's Magic Scroll Boutique.
 31156 | D:11     | Found Inaedaewoa's Jewellery Emporium.
 31221 | D:11     | Found Dike Zodgh's Food Boutique.
 31496 | D:7      | Bought the +3 pair of boots of Plasticity {+Blink Int+4}
                  | for 544 gold pieces
 31558 | D:7      | Bought a pair of glowing gloves for 202 gold pieces
 31851 | D:9      | Learned a level 5 spell: Bolt of Draining
 32263 | D:11     | Reached skill level 1 in Necromancy
 32509 | D:12     | Found a radiant altar of Vehumet.
 32745 | D:12     | Reached XP level 14. HP: 100/110 MP: 12/30
 33867 | D:13     | Noticed Frances
 33910 | D:12     | Upgraded the game from 0.24-a0-136-gad582e5 to
                  | 0.24-a0-139-geb6712d
 34228 | Snake:1  | Entered Level 1 of the Snake Pit
 34267 | Swamp:1  | Entered Level 1 of the Swamp
 34328 | Swamp:1  | Noticed a red very ugly thing
 34431 | Lair:4   | Learned a level 5 spell: Summon Mana Viper
 34437 | Lair:4   | Learned a level 5 spell: Borgnjor's Vile Clutch
 35480 | Orc:1    | Noticed Nergalle
 35625 | D:9      | Killed Nergalle
 35859 | Orc:1    | Noticed Josephine
 36009 | Orc:1    | Killed Josephine
 36460 | Orc:2    | Entered Level 2 of the Orcish Mines
 36975 | Orc:2    | Found a staircase to the Elven Halls.
 37297 | Orc:2    | Found a roughly hewn altar of Beogh.
 38046 | Orc:2    | Received a gift from Sif Muna
 39039 | Orc:2    | Found Ripniati's Assorted Antiques.
 39039 | Orc:2    | Found Qata's Assorted Antiques.
 39041 | Orc:2    | Found Reiv's Magic Scroll Emporium.
 39041 | Orc:2    | Found Disilo's Distillery.
 39055 | Orc:2    | Bought a scroll of blinking for 97 gold pieces
 39055 | Orc:2    | Bought a scroll of identify for 26 gold pieces
 39057 | Orc:2    | Bought a glowing helmet for 277 gold pieces
 39283 | D:9      | Identified the +3 dagger of the Salmon {antimagic, *Contam
                  | rPois rF++ SInv} (You found it on level 6 of the Lair of
                  | Beasts)
 39975 | Lair:3   | Got a transparent war axe
 40091 | Lair:4   | Identified a scroll of acquirement
 40107 | Lair:4   | Identified the +7 war axe "Duimeu" {chop, *Slow +Rage rF++
                  | Int+3} (You found it on level 3 of the Lair of Beasts)
 40108 | Lair:4   | Identified the +11 hunting sling "Mummy's Curse" {venom,
                  | +Inv rC- Str+4 SInv} (You found it on level 9 of the
                  | Dungeon)
 40169 | Lair:4   | Killed a red very ugly thing
 40169 | Lair:4   | Reached skill level 5 in Necromancy
 42693 | Swamp:2  | Got a sparkling wooden ring
 43305 | Swamp:2  | Received a gift from Sif Muna
 43864 | Swamp:2  | Identified the ring of the Ageless Orbs {rN+ Str+4} (You
                  | found it on level 2 of the Swamp)
 43879 | Swamp:3  | Reached XP level 15. HP: 115/115 MP: 20/31
 45552 | Swamp:3  | Noticed Louise
 45832 | Swamp:3  | Killed Louise
 46004 | Swamp:3  | Got a brightly glowing scimitar
 46239 | Swamp:4  | Entered Level 4 of the Swamp
 46316 | Swamp:4  | Identified the +7 scimitar "Killer Klown's Peril" {pain,
                  | *Rage rPois Str+4 Stlth+} (You found it on level 3 of the
                  | Swamp)
 47348 | Swamp:4  | Identified Sif Muna's Reference Book on Translocation (Sif
                  | Muna gifted it to you on level 4 of the Swamp)
 47348 | Swamp:4  | Received a gift from Sif Muna
 47437 | Swamp:4  | Reached skill level 10 in Necromancy
 48137 | Swamp:4  | Noticed a thorn hunter
 48206 | Swamp:4  | Killed a thorn hunter
 48479 | Swamp:4  | Reached skill level 10 in Conjurations
 48717 | Swamp:4  | Got a decaying rune of Zot
 49486 | D:13     | Reached skill level 1 in Invocations
 49487 | D:13     | Reached skill level 1 in Earth Magic
 49797 | D:13     | Killed Frances
 50078 | D:13     | Found a gate to the Vaults.
 50121 | D:13     | Noticed Rupert
 50132 | D:13     | Killed Rupert
 50132 | D:13     | Received a gift from Sif Muna
 50167 | D:13     | Reached XP level 16. HP: 122/122 MP: 0/32
 50667 | D:13     | Noticed Maurice
 50671 | D:13     | Killed Maurice
 51268 | D:14     | Got a pair of faintly humming gloves
 51272 | D:14     | Got an ichor-stained robe
 51641 | D:14     | Noticed Roxanne
 52008 | D:14     | Learned a level 2 spell: Passwall
 52010 | D:14     | Learned a level 1 spell: Apportation
 52041 | D:14     | Found an opulent altar of Gozag.
 52229 | D:9      | Identified the cursed +0 pair of gloves "Rarapass" {+Inv
                  | +Fly Str+4 Stlth-} (You found it on level 14 of the
                  | Dungeon)
 52243 | D:9      | Identified the +5 robe of Amelioration {rF+ rCorr} (You
                  | found it on level 14 of the Dungeon)
 52990 | Snake:1  | Reached skill level 13 in Spellcasting
 53289 | D:15     | Entered Level 15 of the Dungeon
 53359 | D:15     | Reached skill level 5 in Invocations
 53382 | D:15     | Identified Sif Muna's Guide on Conjuration (Sif Muna gifted
                  | it to you on level 15 of the Dungeon)
 53382 | D:15     | Received a gift from Sif Muna
 54097 | D:15     | Got a wavering wooden ring
 54116 | D:15     | Reached skill level 5 in Earth Magic
 54580 | D:15     | Found a staircase to the Depths.
 55130 | D:15     | Found a runed translucent gate.
 55130 | D:15     | Found a runed translucent gate.
 55132 | D:15     | Found a runed translucent gate.
 56382 | Elf:1    | Entered Level 1 of the Elven Halls
 56689 | Elf:1    | Found Nodetz's Gadget Boutique.
 56706 | Elf:1    | Identified the cursed ring of Ximit {rPois rC- MR+ Int-2
                  | Slay+2} (You found it on level 15 of the Dungeon)
 57275 | Orc:2    | Learned a level 6 spell: Iron Shot
 57744 | Elf:1    | Reached skill level 14 in Spellcasting
 58686 | Elf:1    | Reached XP level 17. HP: 128/128 MP: 24/35
 58703 | Elf:1    | Identified Sif Muna's Volume of Blistering Air (Sif Muna
                  | gifted it to you on level 1 of the Elven Halls)
 58703 | Elf:1    | Received a gift from Sif Muna
 60357 | Elf:2    | Found a runed translucent gate.
 60359 | Elf:2    | Found a runed translucent gate.
 60361 | Elf:3    | Entered Level 3 of the Elven Halls
 60465 | Elf:3    | Found a flickering gateway to a bazaar.
 60487 | Bazaar   | Entered a bazaar
 60487 | Bazaar   | Found Esip's Distillery.
 60487 | Bazaar   | Found Owujih's Antique Armour Shoppe.
 60487 | Bazaar   | Found Ippyhaci's Magic Scroll Shoppe.
 60487 | Bazaar   | Found Agoronia's Antique Weapon Emporium.
 60524 | Bazaar   | Bought a scroll of teleportation for 51 gold pieces
 60524 | Bazaar   | Bought a scroll of blinking for 127 gold pieces
 61104 | Elf:3    | Reached skill level 15 in Spellcasting
 62904 | Elf:3    | Identified the +1 halberd of Perversion {chop, rPois rF+++
                  | MP-9 Stlth+}
 63210 | Elf:3    | Identified the ring of Fumuab {+Fly Int+5}
 63213 | Elf:3    | Received a gift from Sif Muna
 63319 | Elf:3    | Identified the +2 robe "Beer" {Regen+ Int-5 Dex+2}
 63319 | Elf:3    | Identified the ring "Pess" {rC+ AC+3}
 64040 | Elf:2    | Identified the +7 great sword of Xamouluh {flame, *Rage
                  | Int+2 Stlth+}
 64324 | Elf:3    | Noticed a deep elf master archer
 64329 | Elf:3    | Killed a deep elf master archer
 64329 | Elf:3    | Reached skill level 16 in Spellcasting
 64357 | Elf:3    | Reached XP level 18. HP: 104/136 MP: 0/38
 64926 | Elf:3    | Identified the +4 hand axe of Qazlal's Supremacy {speed,
                  | +Inv rC- rN++ Int+2}
 64931 | Elf:3    | Reached skill level 10 in Invocations
 65239 | Elf:3    | Got a crude cloak
 65264 | Elf:3    | Identified the Catalogue of Excruciating Envenoming
 65602 | D:9      | Identified the +2 cloak "Mido Jor" {rPois Dex+2} (You found
                  | it on level 3 of the Elven Halls)
 66174 | Elf:2    | Found a runed translucent gate.
 66492 | Elf:2    | Reached skill level 17 in Spellcasting
 67086 | Snake:1  | Noticed Donald
 67341 | Vaults:1 | Entered Level 1 of the Vaults
 69165 | Vaults:1 | Reached skill level 18 in Spellcasting
 69689 | Vaults:1 | Reached XP level 19. HP: 150/150 MP: 26/41
 70869 | Vaults:2 | Found a large runed translucent door.
 70869 | Vaults:2 | Found a large runed translucent door.
 70869 | Vaults:2 | Noticed Qenoimudgh's ghost (adept FeMo)
 70869 | Vaults:2 | Noticed Eneuly's ghost (legendary MfIE)
 70870 | Vaults:2 | Identified the +10 short sword "Ziho" {flame, +Fly Str+6}
 72275 | Vaults:2 | Reached skill level 19 in Spellcasting
 73092 | Vaults:2 | Got a faintly glowing battleaxe
 73333 | D:9      | Identified the cursed +3 battleaxe of Popular Demand
                  | {protect, +Inv rN+ MR+ Dex-5} (You found it on level 2 of
                  | the Vaults)
 73856 | Vaults:3 | Received a gift from Sif Muna
 74550 | Vaults:3 | Noticed Frederick
 74556 | Vaults:3 | Killed Frederick
 74556 | Vaults:3 | Reached skill level 15 in Fighting
 74952 | Vaults:3 | Found a staircase to the Crypt.
 75526 | Vaults:3 | Noticed Sojobo
 76147 | Depths:1 | Entered Level 1 of the Depths
 77177 | Vaults:4 | Reached XP level 20. HP: 162/162 MP: 29/43
 78313 | Vaults:4 | Identified Rase Ria's Compendium of Dark Confrontation (Sif
                  | Muna gifted it to you on level 4 of the Vaults)
 78313 | Vaults:4 | Received a gift from Sif Muna
 78566 | Vaults:4 | Learned a level 2 spell: Swiftness
 78574 | Vaults:4 | Learned a level 7 spell: Spellforged Servitor
 80411 | Vaults:2 | Got a translucent steel ring
 80611 | Vaults:2 | Identified the ring of Pennumur {rF+ Int+2} (You found it
                  | on level 2 of the Vaults)
 80650 | Vaults:2 | Killed Qenoimudgh's ghost
 81105 | Snake:1  | Killed Donald
 81673 | Snake:1  | Found Wehofeb's Mass Market.
 81689 | Snake:1  | Noticed Jorgrun
 81700 | Snake:1  | Killed Jorgrun
 81980 | Snake:1  | Found Kuaps's Book Shoppe.
 81980 | Snake:1  | Found Mumepsef's Armour Emporium.
 82312 | Snake:2  | Noticed Aizul
 82422 | Snake:2  | Identified Oxkifop's Papyrus of Noxious Displacement (Sif
                  | Muna gifted it to you on level 2 of the Snake Pit)
 82422 | Snake:2  | Received a gift from Sif Muna
 82440 | Snake:2  | You fall through a shaft!
 82472 | Snake:3  | Noticed Nikola
 82652 | Snake:2  | Noticed Agnes
 82667 | Snake:2  | Killed Agnes
 82755 | Snake:2  | Killed Aizul
 83540 | Depths:1 | Reached skill level 10 in Armour
 83920 | D:15     | Reached XP level 21. HP: 119/171 MP: 19/44
 84814 | Depths:1 | Found a gateway to a ziggurat.
 84971 | Depths:1 | Identified the Grimoire of Flames
 85473 | Depths:1 | Reached skill level 10 in Summonings
 85546 | Depths:1 | Found a gateway to Hell.
 85794 | Depths:1 | Identified Sif Muna's Tome of Stones
 86151 | Depths:1 | Identified the Compendium of Feathers
 86264 | Depths:1 | Noticed Mara
 86307 | Depths:1 | Found a one-way gate to the infinite horrors of the Abyss.
 86347 | Depths:1 | Received a gift from Sif Muna
 86407 | Depths:1 | Identified the Handbook of Shape Shifting
 86580 | Depths:1 | Identified Ojiata's Volume of Contamination
 86917 | Depths:1 | Identified the Reference Book on Curses
 86949 | Depths:1 | Noticed Gergoth's illusion
 86958 | Depths:1 | Killed Mara
 87041 | Depths:1 | Voluntarily entered the Abyss.
 87181 | Abyss:1  | Learned a level 5 spell: Dispel Undead
 87800 | Depths:1 | Escaped the Abyss
 88046 | Depths:1 | Voluntarily entered the Abyss.
 88046 | Abyss:1  | Found a corrupted altar of Lugonu.
 88074 | Abyss:1  | Found a corrupted altar of Lugonu.
 88201 | Abyss:1  | Found a transporter.
 88220 | Abyss:1  | Found a transporter.
 88220 | Abyss:1  | Found a corrupted altar of Lugonu.
 88228 | Abyss:1  | Reached skill level 10 in Fire Magic
 88240 | Abyss:1  | Found a transporter.
 88268 | Depths:1 | Escaped the Abyss
 88570 | Depths:2 | Reached XP level 22. HP: 151/178 MP: 37/45
 89176 | Depths:2 | Identified Sif Muna's Guide on Ice and Summoning (Sif Muna
                  | gifted it to you on level 2 of the Depths)
 89176 | Depths:2 | Received a gift from Sif Muna
 89321 | Depths:2 | Noticed Saint Roka
 89330 | Depths:2 | Killed Saint Roka
 89330 | Depths:2 | Reached skill level 20 in Spellcasting
 90182 | Depths:2 | Identified the +2 robe "Zugrek Saru" {+Fly rPois MR++
                  | Int-4}
 90232 | Depths:2 | You fall through a shaft!
 91215 | Depths:3 | Received a gift from Sif Muna
 91527 | Depths:3 | Reached skill level 21 in Spellcasting
 91912 | Depths:3 | Found a one-way gate leading to the halls of Pandemonium.
 93569 | Depths:3 | Identified Sif Muna's Tome of Stolen Souls and Stones (Sif
                  | Muna gifted it to you on level 3 of the Depths)
 93569 | Depths:3 | Received a gift from Sif Muna
 93629 | Depths:3 | Got a jewelled eveningstar
 93630 | Depths:3 | Identified the +9 eveningstar "Izeosul" {venom, +Inv} (You
                  | found it on level 3 of the Depths)
 93688 | Depths:3 | Noticed Jory
 93693 | Depths:3 | Killed Jory
 94311 | Depths:4 | Found a runed translucent door.
 94311 | Depths:4 | Noticed Gorice's ghost (veteran HOWn)
 94376 | Depths:4 | Reached XP level 23. HP: 184/184 MP: 38/48
 94606 | Depths:4 | Killed Gorice's ghost
 94928 | Depths:4 | Found a runed translucent door.
 95005 | Depths:4 | Found a runed translucent door.
 95076 | Depths:4 | Found Vafutzin's Assorted Antiques.
 95954 | Depths:5 | Entered Level 5 of the Depths
 96115 | Depths:5 | Found Cekef's Magic Scroll Boutique.
 96709 | Depths:5 | Reached skill level 22 in Spellcasting
 96772 | Depths:5 | Reached ****** piety under Sif Muna
 96772 | Depths:5 | Identified Sif Muna's Handbook of Blistering Aid (Sif Muna
                  | gifted it to you on level 5 of the Depths)
 96772 | Depths:5 | Received a gift from Sif Muna
 97790 | Depths:5 | Found a gate to the Realm of Zot.
 98714 | Depths:1 | Voluntarily entered the Abyss.
 98903 | Abyss:1  | Found an ancient bone altar of Kikubaaqudgha.
 98942 | Abyss:2  | Found a runed translucent door.
 98943 | Abyss:2  | Found a runed translucent door.
 98945 | Abyss:2  | Found a deep blue altar of Sif Muna.
 99030 | Abyss:3  | Found a corrupted altar of Lugonu.
 99320 | Abyss:3  | Got an abyssal rune of Zot
 99348 | Depths:1 | Escaped the Abyss
 99442 | Depths:1 | Learned a level 8 spell: Ignition
 99685 | Slime:1  | Entered Level 1 of the Pits of Slime
 99688 | Slime:1  | Identified Sif Muna's Volume of Damage Dealing (Sif Muna
                  | gifted it to you on level 1 of the Pits of Slime)
 99688 | Slime:1  | Received a gift from Sif Muna
100806 | Slime:5  | Entered Level 5 of the Pits of Slime
102324 | Slime:5  | Reached XP level 24. HP: 191/191 MP: 48/49
102475 | Slime:5  | Found a viscous altar of Jiyva.
102477 | Slime:5  | Found the +7 sceptre of Torment {pain, torment}
102550 | Slime:5  | Noticed the Royal Jelly
102559 | Slime:5  | Killed the Royal Jelly
102559 | Slime:5  | Reached skill level 15 in Fire Magic
102872 | Slime:5  | Got a scorched trident
102898 | Slime:5  | Got an iridescent trident
102911 | Slime:5  | Identified the Almanac of Intoxication
102923 | Slime:5  | Identified the Handbook of the Congealing Oath
102935 | Slime:5  | Got an ichor-stained dagger
102939 | Slime:5  | Got a slimy rune of Zot
102952 | Slime:5  | Got a dazzling falchion
103310 | D:9      | Identified the cursed +1 trident "Geytz" {pain, Fragile
                  | rPois rF- Str+8} (You found it on level 5 of the Pits of
                  | Slime)
103318 | D:9      | Identified the +9 trident of Crusades {holy, Int+2 Dex+4}
                  | (You found it on level 5 of the Pits of Slime)
103319 | D:9      | Identified the +6 dagger "Jaudoakau" {elec, rPois Int-2
                  | Dex+8} (You found it on level 5 of the Pits of Slime)
103320 | D:9      | Identified the +8 falchion of the Moon {vamp, rC- Dex+3
                  | Stlth+} (You found it on level 5 of the Pits of Slime)
103624 | Vaults:5 | Entered Level 5 of the Vaults
103626 | Vaults:5 | Identified Fulaly's Tome of Unholy Arts (Sif Muna gifted it
                  | to you on level 5 of the Vaults)
103626 | Vaults:5 | Received a gift from Sif Muna
104511 | Vaults:4 | Killed from afar by a fire giant

Levels and vault maps discovered:
D:1:      saegor_arrival_fortress, layout_basic, minmay_misc_feat_chi,
          minmay_circled_x
D:2:      layout_basic
D:3:      cheibrodos_pilgrimage, layout_basic, portal_sewer_entry_d,
          first_ration, uniq_grinder, uniq_jessica
D:4:      layout_loops_ring, kennysheep_mini
D:5:      layout_cave_pods, basic_altar, lightli_ossuary_entry_decrepit_ruins,
          uniq_blork_the_orc
D:6:      layout_basic, minmay_temple_entry_arrows, basic_altar,
          grunt_ministairs_1, nrook_campfire, hangedman_decor_peaks_small
D:7:      layout_basic, serial_shops, shop, shop, nicolae_shop_waterfront,
          kennysheep_little_box, nicolae_shop_behind_doors,
          minmay_misc_feat_secret_circle
D:8:      layout_loops_corners, nicolae_overflow_crystal_walls, serial_shops,
          shop
D:9:      layout_gridville, kennysheep_ying_yang, zombieorc2_lemuel, basic_altar
D:10:     layout_basic, david_lair_shrubbed, grunt_ogre_cave
D:11:     layout_irregular_city, serial_shops, shop, shop_fountains,
          nicolae_shop_stone
D:12:     layout_cave_pools, serial_column_ruins, column_ruins_square_small,
          column_ruins_hut, column_ruins_corridor_T, column_ruins_open_tiny,
          column_ruins_grid_1, column_ruins_open_tiny, column_ruins_open_tiny,
          basic_altar
D:13:     layout_cave_pools, david_vaults_5, uniq_frances, uniq_rupert,
          uniq_maurice
D:14:     layout_basic, nicolae_gozag_seed_capital,
          chequers_serial_rivers_micro_b, uniq_roxanne
D:15:     gammafunk_depths_entry_grave, layout_loops_cross, serial_park_avenue1,
          ploomutoo_gammafunk_ghost_potion_laboratory
Temple:   nicolae_temple_no_exploring_needed
Lair:1:   layout_hall_layers, ebering_ghost_xom, uniq_gastronok
Lair:2:   layout_loops_ring, chequers_serial_rivers_marsh
Lair:3:   layout_cave_shapes, portal_ice_cave_entry_pillars_1, st_stairs_6,
          minmay_stone_trees_medium, ice2_lemuel, minmay_lair_oklob_chamber
Lair:4:   minmay_guarded_unrand_snakebite, layout_misc_corridors,
          minmay_swamp_entry_worms, dummy_snake_entry, uniq_kirke
Lair:5:   layout_long_grid, basic_altar, serial_bayou_shore_b, lemuel_fruit_tree
Lair:6:   minmay_lair_end_frog_pond, layout_misc_corridors,
          minmay_slime_entry_eyes
Swamp:1:  layout_basic_swamp, evilmike_swamp_ruin_house_3
Swamp:2:  layout_basic_swamp, evilmike_swamp_ruin_rubble_2
Swamp:3:  layout_basic_swamp, hangedman_swamp_cone, uniq_louise
Swamp:4:  swamp_fiery, layout_basic_swamp
Snake:1:  layout_layer_cave, minmay_shop_mass, grunt_ministairs_4,
          minmay_shoptagon, uniq_donald, uniq_jorgrun
Snake:2:  layout_basic, serial_bayou_lake_a, uniq_agnes, uniq_aizul
Snake:3:  layout_cave_pods, uniq_nikola
Slime:1:  layout_caves
Slime:2:  layout_caves
Slime:3:  layout_caves, cheibrodos_slime_lost_civilization_6
Slime:4:  layout_caves
Slime:5
Orc:1:    layout_caves, uniq_josephine, uniq_nergalle
Orc:2:    grunt_orc_tribal_feast, layout_diamond_mine, mines1_david
Elf:1:    elf_arrival_002, layout_geoelf_diagonals, serial_shops,
          nicolae_shop_statue_plus, hangedman_elven_crosses_minicolossus,
          drop_trap, serial_sigils_hangedman_quiver
Elf:2:    layout_rooms, special_room [special_room_mythical_zoo],
          hangedman_elven_pyramids, minmay_checkered_concentric_circles
Elf:3:    minmay_elf_hall_curves, layout_loops_cross, serial_shops,
          bzr_entry_islet, minivault_24
Vaults:1: ontoclasm_vaults_hangar, nicolae_vaults_inception_statues,
          hangedman_vaults_locks, v_alt_pattern_2, st_lines,
          nicolae_vaults_big_ls, ontoclasm_vaults_spin, vaults_mumra_lcd,
          hangedman_vaults_slice, ontoclasm_vaults_ligature,
          grunt_vaults_diagonal, hangedman_vaults_trim, layout_vaults_maze
Vaults:2: advil_vaults_ghost_guards, v_misc_1, ontoclasm_vaults_misaligned,
          v_alt_pattern_5, ontoclasm_vaults_idyll, ontoclasm_vaults_bender,
          nicolae_vaults_diagonal_hallway_8, nicolae_vaults_theta,
          nicolae_vaults_border_crossing, vaults_dpeg_encased_lava,
          vaults_dpeg_diagonal, layout_vaults_quadrants
Vaults:3: hangedman_vaults_restitches, minmay_crypt_entry_simple_round,
          vaults_mumra_hexcomb, ontoclasm_vaults_shuriken,
          vaults_room_ringed_pool, nicolae_vaults_twisting_passages,
          nicolae_vaults_three_branches, ontoclasm_vaults_gallery,
          nicolae_vaults_little_squares_3, serial_ice_b,
          nicolae_vaults_mini_display_case, vaults_room_large_hall,
          hangedman_vaults_corner, v_misc_24, nicolae_vaults_little_squares_2,
          layout_vaults_big_cross, uniq_frederick, uniq_sojobo
Vaults:4: v_misc_13, grunt_vaults_bifocal, hangedman_vaults_pinch, v_misc_9,
          nicolae_vaults_statue_guard, v_misc_5, v_misc_31,
          grunt_vaults_trifunnel, ontoclasm_vaults_chip, vaults_room_semicircle,
          layout_vaults_big_room
Vaults:5
Depths:1: layout_cave_pools, enter_ziggurat_b, abyss_entry_small_statue_room,
          serial_hangedman_research, hangedman_research_metamorphosis,
          hangedman_research_geology, hangedman_research_probablistics,
          hangedman_research_pyrotechnics, hangedman_research_toxicology,
          hangedman_research_electronics, pf_hell_entry_tar_river,
          kennysheep_doodads, minmay_hollow_rounded_squares, uniq_mara
Depths:2: minmay_spriggan_fort, layout_cave_pools, hell_entry, abyss_entry,
          minmay_misc_feat_x, serial_sigils, serial_sigils_hangedman_gnaw,
          serial_sigils_hangedman_clutch, serial_sigils_hangedman_stare,
          serial_sigils_hangedman_gut, uniq_saint_roka
Depths:3: due_jory_tower, layout_gridlike, grunt_mini_vestibule,
          rand_demon_pan_entry_5
Depths:4: thingy_vault_2, layout_cross, abyss_entry, hellmouth_1,
          gammafunk_ghost_grave, minmay_misc_feat_enclosed,
          rand_demon_pan_entry_7, serial_shops, shop
Depths:5: evilmike_zot_entry_argh, layout_gridlike, rand_demon_pan_entry_9,
          hell_entry, serial_shops, nicolae_shop_temple_entry_statues_fountains,
          minmay_misc_feat_plants, minivault_16
Abyss:1
Abyss:2:  lemuel_firewalk_3, hangedman_abyss_or_decor_jellyfish_corner,
          hangedman_summoners_spam
Abyss:3
Bazaar:   bazaar_minmay_row
Sewer:    sewer_co_scattered_pipes
Ossuary:  ossuary_minmay_scorpions
IceCv:    ice_cave_small_demon

Skill      XL: |  1  2  3  4  5  6  7  8  9 10 11 12 13 14 15 16 17 18 19 20 21 22 23 24 |
---------------+-------------------------------------------------------------------------+-----
Conjurations   | 1 2 3 4 5 6 7 10 12 | 12.0
Spellcasting   | 5 6 7 8 10 12 14 16 18 19 21 22 | 22.0
Fighting       | 1 2 3 4 6 9 10 13 15 16 | 16.1
Fire Magic     | 1 2 3 4 6 8 9 10 12 14 16 | 16.0
Air Magic      | 1 3 4 |  4.0
Armour         | 2 4 7 8 10 13 | 13.6
Summonings     | 2 5 7 9 11 12 | 12.0
Shields        | 1 4 |  4.6
Dodging        | 2 5 7 8 |  8.1
Necromancy     | 1 7 10 11 14 | 14.0
Invocations    | 3 7 9 10 | 10.0
Earth Magic    | 2 6 8 |  8.0
Stealth        | |  1.5
Translocations | |  0.7

Action                   |  1- 3 |  4- 6 |  7- 9 | 10-12 | 13-15 | 16-18 | 19-21 | 22-24 || total
-------------------------+-------+-------+-------+-------+-------+-------+-------+-------++-------
Melee: Unarmed           |    10 |       |       |       |       |       |       |       ||    10
       Dagger            |    55 |    26 |    79 |   210 |   233 |       |       |       ||   603
       Spear             |       |   214 |   298 |       |       |       |       |       ||   512
       Halberd           |       |    54 |     6 |       |       |       |       |       ||    60
       Quarterstaff      |       |       |    76 |       |       |       |       |       ||    76
       War axe           |       |       |       |       |   157 |   196 |   195 |    76 ||   624
Throw: Throwing net      |       |       |       |     1 |       |       |       |       ||     1
 Cast: Magic Dart        |   109 |   229 |   341 |   125 |    92 |       |       |       ||   896
       Conjure Flame     |       |     6 |    16 |     4 |       |       |       |       ||    26
       Call Imp          |       |       |   109 |    12 |       |       |       |       ||   121
       Mephitic Cloud    |       |       |    12 |    10 |     2 |       |       |       ||    24
       Sticky Flame      |       |       |    13 |    82 |   114 |    27 |     4 |       ||   240
       Summon Lightning  |       |       |       |    42 |   106 |    10 |    12 |     5 ||   175
       Fireball          |       |       |       |    92 |   193 |    43 |    41 |     9 ||   378
       Blink             |       |       |       |       |     9 |     7 |     7 |    14 ||    37
       Bolt of Draining  |       |       |       |       |   258 |   395 |   562 |   530 ||  1745
       Borgnjor's Vile C |       |       |       |       |     9 |    49 |    95 |    59 ||   212
       Summon Mana Viper |       |       |       |       |     4 |    16 |    68 |    43 ||   131
       Iron Shot         |       |       |       |       |       |    49 |   112 |    62 ||   223
       Passwall          |       |       |       |       |       |    11 |     5 |     9 ||    25
       Dispel Undead     |       |       |       |       |       |       |    23 |    80 ||   103
       Spellforged Servi |       |       |       |       |       |       |     1 |     4 ||     5
       Apportation       |       |       |       |       |       |       |       |     4 ||     4
       Ignition          |       |       |       |       |       |       |       |     9 ||     9
Invok: Divine Energy     |       |       |     1 |       |       |     2 |       |       ||     3
       Channel Magic     |       |       |       |       |     1 |     2 |     1 |     4 ||     8
       Forget Spell      |       |       |       |       |       |     2 |     1 |       ||     3
       Stop Divine Energ |       |       |       |       |       |     2 |       |       ||     2
Evoke: Wand              |       |       |       |       |     1 |       |       |       ||     1
  Use: Scroll            |       |     6 |     8 |     7 |    15 |    14 |    13 |    11 ||    74
 Stab: Sleeping          |     3 |       |     3 |     7 |     1 |     2 |     1 |     1 ||    18
       Distracted        |       |       |     4 |     1 |     4 |     1 |       |       ||    10
       Confused          |       |       |     2 |     2 |     1 |       |       |       ||     5
       Paralysed         |       |       |       |       |     2 |       |       |       ||     2
       Petrified         |       |       |       |       |     1 |       |       |       ||     1
Armor: Robe              |    34 |    61 |   132 |    92 |    86 |   152 |   239 |   243 ||  1039
       Troll leather arm |       |       |       |       |   219 |    55 |       |       ||   274
Dodge: Dodged            |    85 |   140 |   339 |   214 |   559 |   321 |   389 |   282 ||  2329
Block: Buckler           |       |       |       |    16 |   173 |    95 |   110 |   145 ||   539

Table legend:
 A = Non-vault XP
 B = Vault XP
 C = Vault XP percentage of total XP
 D = Non-vault monster count
 E = Vault monster count
 F = Vault count percentage of total count
                 A         B        C        D         E       F
            +---------+---------+-------+---------+---------+-------
      Total |  592305 |  467578 |  44.1 |    1445 |     772 |  34.8
            +---------+---------+-------+---------+---------+-------
        D:1 |      62 |       8 |  11.4 |      33 |       6 |  15.4
        D:2 |     212 |       0 |   0.0 |      32 |       0 |   0.0
        D:3 |     229 |     345 |  60.1 |      19 |       9 |  32.1
        D:4 |     536 |       0 |   0.0 |      24 |       0 |   0.0
        D:5 |     312 |      62 |  16.6 |      20 |       1 |   4.8
        D:6 |     303 |      73 |  19.4 |       7 |       1 |  12.5
        D:7 |     728 |       0 |   0.0 |      27 |       0 |   0.0
        D:8 |     700 |       0 |   0.0 |      12 |       0 |   0.0
        D:9 |    3355 |    1791 |  34.8 |      40 |      38 |  48.7
       D:10 |    2643 |     113 |   4.1 |      30 |       1 |   3.2
       D:11 |    4090 |     271 |   6.2 |      39 |       1 |   2.5
       D:12 |    4289 |       0 |   0.0 |      37 |       0 |   0.0
       D:13 |   11299 |    7445 |  39.7 |      29 |       8 |  21.6
       D:14 |   12164 |     341 |   2.7 |      36 |       1 |   2.7
       D:15 |   28702 |    3685 |  11.4 |      48 |       7 |  12.7
     Lair:1 |    2518 |    1367 |  35.2 |      12 |       1 |   7.7
     Lair:2 |    2180 |       0 |   0.0 |      12 |       0 |   0.0
     Lair:3 |    1357 |    4483 |  76.8 |       3 |      21 |  87.5
     Lair:4 |    5535 |    3197 |  36.6 |      19 |      10 |  34.5
     Lair:5 |    6385 |     701 |   9.9 |      22 |       4 |  15.4
     Lair:6 |    9261 |   10565 |  53.3 |      33 |      49 |  59.8
    Swamp:1 |    4407 |       0 |   0.0 |      15 |       0 |   0.0
    Swamp:2 |   15422 |       0 |   0.0 |      41 |       0 |   0.0
    Swamp:3 |   13146 |    1316 |   9.1 |      34 |       1 |   2.9
    Swamp:4 |   12640 |   11601 |  47.9 |      34 |      16 |  32.0
    Snake:1 |   24392 |    5274 |  17.8 |      54 |       4 |   6.9
    Snake:2 |   12726 |    3258 |  20.4 |      28 |       2 |   6.7
    Snake:3 |     985 |       0 |   0.0 |       2 |       0 |   0.0
    Slime:1 |    4002 |       0 |   0.0 |       7 |       0 |   0.0
    Slime:2 |    2907 |       0 |   0.0 |      10 |       0 |   0.0
    Slime:3 |     771 |       0 |   0.0 |       3 |       0 |   0.0
    Slime:4 |    7148 |       0 |   0.0 |      20 |       0 |   0.0
    Slime:5 |   17245 |   29941 |  63.5 |      39 |      14 |  26.4
      Orc:1 |    1663 |    1385 |  45.4 |      19 |       4 |  17.4
      Orc:2 |    1626 |    8245 |  83.5 |      34 |      32 |  48.5
      Elf:1 |   17892 |   14245 |  44.3 |      26 |      21 |  44.7
      Elf:2 |   11683 |   27003 |  69.8 |      27 |      32 |  54.2
      Elf:3 |   16417 |   46881 |  74.1 |      27 |      33 |  55.0
   Vaults:1 |   28611 |   19661 |  40.7 |      70 |      32 |  31.4
   Vaults:2 |   25341 |   17147 |  40.4 |      40 |      22 |  35.5
   Vaults:3 |   23105 |   26677 |  53.6 |      42 |      33 |  44.0
   Vaults:4 |   30258 |   38374 |  55.9 |      41 |      42 |  50.6
   Vaults:5 |    4490 |   35218 |  88.7 |       7 |      33 |  82.5
   Depths:1 |   32298 |   50252 |  60.9 |      50 |      85 |  63.0
   Depths:2 |   27667 |   15698 |  36.2 |      44 |      31 |  41.3
   Depths:3 |   54341 |   26466 |  32.8 |      76 |      53 |  41.1
   Depths:4 |   17457 |   10358 |  37.2 |      18 |      10 |  35.7
   Depths:5 |   32984 |   22399 |  40.4 |      25 |      17 |  40.5
    Abyss:1 |   35909 |    4259 |  10.6 |      53 |       2 |   3.6
    Abyss:2 |   14645 |    4105 |  21.9 |      19 |       8 |  29.6
    Abyss:3 |    3267 |    8617 |  72.5 |       6 |      19 |  76.0
      Sewer |       0 |      68 | 100.0 |       0 |      19 | 100.0
    Ossuary |       0 |     497 | 100.0 |       0 |      29 | 100.0
      IceCv |       0 |    4186 | 100.0 |       0 |      20 | 100.0
            +---------+---------+-------+---------+---------+-------
